Map: Ever Dream LE

Players

Nautilus

  • Race: Protoss Protoss
  • League: Silver
  • Spawn Location: 1:00

redbusman - Winner!

  • Race: Terran Terran
  • League: Bronze
  • Spawn Location: 7:00

VOD

Have the link to the VOD?

Description

Time

  • Played on: July 13, 2020, 11:42 p.m.
  • Length: 9:17
Show
View Real Time Build Order
Export as new Build Order

Nautilus Protoss 

Build Orders:  

Get SALT Encoding   

  12  0:16  Pylon  
  12  0:20  Probe  
  12  0:23  Assimilator  
  13  0:29  Probe  
  14  0:38  Probe  
  15  0:48  Gateway  
  15  0:53  Probe  
  16  1:05  Probe  
  16  1:09  Forge  
  17  1:17  Probe  
  18  1:25  Probe  
  19  1:33  Probe  
  19  1:39  Zealot  
  22  1:44  Protoss Ground Weapons Level 1, Probe  
  23  1:54  Pylon  
  23  2:01  Assimilator  
  23  2:12  Zealot, Probe  
  23  2:13  Pylon  
  26  2:24  Probe  
  26  2:26  Cybernetics Core  
  27  2:33  Probe  
  28  2:41  Probe  
  28  2:51  Probe  
  30  3:02  Nexus  
  30  3:06  Stalker  
  32  3:24  Probe  
  33  3:32  Probe  
  33  3:36  Warp Gate  
  33  3:40  Probe  
  34  3:47  Gateway  
  35  3:49  Gateway  
  35  3:52  Probe  
  36  3:56  Gateway  
  36  4:00  Stalker  
  38  4:04  Probe  
  39  4:16  Probe  
  40  4:28  Probe  
  40  4:29  Twilight Council  
  40  4:30  Robotics Facility  
  41  4:39  Stargate  
  41  4:40  Probe  
  42  4:46  Protoss Ground Armor Level 1, Pylon  
  42  4:53  Stalker x2  
  46  5:02  Charge  
  46  5:16  Probe  
  47  5:23  Probe  
  47  5:24  Probe  
  47  5:28  Stalker x2  
  50  5:30  Protoss Air Weapons Level 1  
  50  5:34  Probe  
  53  5:35  Probe  
  53  5:37  Observer  
  56  5:48  Probe  
  57  5:56  Assimilator, Probe  
  57  5:58  Assimilator, Observer  
  57  6:00  Probe, Pylon  
  57  6:03  Pylon  
  60  6:04  Probe  
  60  6:07  Pylon  
  61  6:11  Photon Cannon  
  61  6:12  Probe  
  61  6:14  Photon Cannon  
  61  6:15  Photon Cannon, Probe  
  61  6:17  Photon Cannon  
  63  6:45  Stalker x2  
  63  6:46  Stalker x2  
  71  6:51  Observer  
  71  7:23  Immortal  
  55  7:53  Zealot x2  
  55  7:54  Zealot  
  57  8:02  Immortal  
  55  8:08  Void Ray  
  53  8:31  Photon Cannon  
  53  8:33  Photon Cannon x2  
  53  8:34  Photon Cannon  
  51  8:35  Photon Cannon  
  53  8:57  Pylon  
Show
View Real Time Build Order
Export as new Build Order

redbusman Terran - Winner!

Build Orders:  

Get SALT Encoding   

  12  0:01  SCV  
  13  0:13  SCV  
  14  0:20  Supply Depot  
  14  0:26  SCV  
  15  0:41  SCV  
  16  0:46  Barracks  
  16  0:53  SCV  
  17  1:05  SCV  
  18  1:23  Refinery  
  18  1:30  Refinery  
  18  1:33  Marine  
  18  1:38  Command Center  
  19  1:54  Supply Depot  
  19  1:57  Orbital Command  
  19  2:02  Marine  
  20  2:16  Factory  
  20  2:20  Marine  
  21  2:26  SCV  
  22  2:39  Barracks Reactor, SCV  
  23  2:51  SCV  
  24  2:56  Supply Depot  
  24  3:03  SCV  
  24  3:04  Widow Mine  
  27  3:11  Starport  
  27  3:15  SCV  
  27  3:16  Marine x2  
  30  3:25  Orbital Command  
  30  3:34  Marine x2  
  31  3:36  Factory Tech Lab  
  32  3:51  Engineering Bay  
  32  3:53  Starport Tech Lab  
  32  4:03  Barracks  
  32  4:10  Barracks  
  32  4:13  Marine  
  32  4:14  Marine  
  34  4:31  Marine x2  
  34  4:32  SCV  
  34  4:34  SCV  
  38  4:44  SCV  
  39  4:46  SCV  
  39  4:47  Factory Tech Lab  
  39  4:49  Marine  
  41  5:03  Marine  
  42  5:07  Marine, Medivac  
  42  5:11  Combat Shield  
  42  5:12  Stimpack  
  45  5:15  Terran Infantry Weapons Level 1  
  45  5:17  Marine  
  45  5:19  Marine  
  47  5:24  Marine  
  47  5:25  Marine  
  49  5:34  Marine  
  50  5:37  Marine, Medivac  
  50  5:39  Supply Depot  
  50  5:42  Marine  
  54  5:45  Supply Depot  
  54  5:46  Supply Depot  
  54  5:54  Marine  
  54  5:55  Marauder x2  
  59  5:58  Supply Depot  
  59  6:07  Medivac  
  59  6:11  Marine  
  61  6:12  Marine  
  61  6:16  Marauder x2  
  67  6:20  Supply Depot  
  67  6:24  Supply Depot  
  67  6:29  Marine, SCV  
  67  6:30  Marine  
  67  6:32  Supply Depot  
  70  6:33  SCV  
  71  6:41  SCV  
  71  6:45  SCV  
  71  6:46  Marine x3  
  76  6:53  SCV  
  77  6:58  SCV  
  77  7:00  Marine  
  79  7:04  Marine x3  
  79  7:05  SCV  
  83  7:17  SCV  
  83  7:18  Marine  
  83  7:22  Marine  
  71  7:59  Marine  
  71  8:00  Marine x3  
  71  8:02  Medivac  
  77  8:17  Marine x3  
  77  8:18  Marine  
  80  8:32  Medivac  
  82  8:35  Marine x4  
  82  8:36  Cyclone  
  85  8:53  Marine x4  
Tags
 
Add a new tag
Caveats
  • Supply blocks, unpowered buildings, or Contaminate may cause inaccurate times.
  • Supply counts are checked every 10 seconds.